 Dungeon Crawl Stone Soup version 0.30-a0-808-g6e0788376e (webtiles) character file.

Game seed: 6304175072705006033

15507 Twinkles the Nimble (level 12, -13/62 HPs)
             Began as a Spriggan Delver on Feb 25, 2023.
             Was a High Priest of Okawaru.
             Hit by a javelin thrown by a minotaur (21 damage)
             ... in a Gauntlet on Feb 26, 2023.
             The game lasted 01:39:30 (19021 turns).

Twinkles the Nimble (Spriggan Delver)              Turns: 19021, Time: 01:39:31

Health: -13/62     AC:  6    Str:  8    XL:     12   Next: 1%
Magic:  28/32      EV: 27    Int: 13    God:    Okawaru [*****.]
Gold:   1060       SH:  0    Dex: 20    Spells: 14/24 levels left

rFire   . . .      SeeInvis +    b - +4 scimitar (flame)
rCold   . . .      Faith    .    (no shield)
rNeg    . . .      Spirit   .    m - +0 steam dragon scales
rPois   +          Reflect  .    (helmet restricted)
rElec   .          Harm     .    A - +0 cloak
rCorr   .          Rampage  .    (gloves unavailable)
Will    ++...      NoTele   +    (boots unavailable)
Stlth   +++++                    (no amulet)
HPRegen 0.30/turn                v - ring of poison resistance
MPRegen 0.23/turn                z - ring of magical power

@: very quick
A: very small, no large weapons, unfitting armour, see invisible, speed 3
a: Renounce Religion, Heroism, Finesse, Duel


You were in a Gauntlet.
You worshipped Okawaru.
Okawaru was extremely pleased with you.
You visited 3 branches of the dungeon, and saw 13 of its levels.
You also visited: Gauntlet.

You collected 1308 gold pieces.
You spent 248 gold pieces at shops.

Inventory:

Hand Weapons
 a - the +11 rapier of the Disbelieving Gods {freeze, Dex+3 SInv}
   (You found it in a Gauntlet)

   Dex:       It affects your dexterity (+3).
   SInv:      It lets you see invisible.
 b - a +4 scimitar of flaming (weapon)
 c - a +0 sling
 i - a +1 dagger of protection
 k - a +1 rapier
Missiles
 e - 24 poisoned darts
 I - a throwing net
Armour
 m - +0 steam dragon scales (worn)
 o - a +0 troll leather armour
 A - a +0 cloak (worn)
Jewellery
 f - a ring of positive energy
 n - a ring of fire
 v - a ring of poison resistance (left hand)
 z - a ring of magical power (right hand)
Wands
 d - a wand of digging (3)
 j - a wand of polymorph (10)
 q - a wand of flame (15)
 w - a wand of quicksilver (7)
 y - a wand of mindburst (12)
 C - a wand of roots (3)
Scrolls
 g - a scroll of torment {unknown}
 h - 3 scrolls of enchant weapon
 p - 2 scrolls of poison
 r - a scroll of vulnerability {unknown}
 s - a scroll of acquirement {unknown}
 t - a scroll of enchant armour
 u - a scroll of summoning {unknown}
 E - 3 scrolls of fear
 F - 2 scrolls of fog
 K - 2 scrolls of immolation
 X - 4 scrolls of magic mapping
Potions
 B - 4 potions of brilliance
 G - a potion of cancellation {unknown}
 H - 5 potions of haste
 J - 3 potions of curing
 L - 5 potions of flight
 M - 6 potions of might
 N - 2 potions of heal wounds
 P - 2 potions of lignification
 Q - 3 potions of magic
 R - 2 potions of resistance
 T - 3 potions of berserk rage
Miscellaneous
 l - a condenser vane


   Skills:
 + Level 6.4 Fighting
 - Level 5.5(8.1) Short Blades
 + Level 7.0(7.6) Long Blades
 + Level 12.4 Dodging
 - Level 12.0 Stealth
 + Level 6.7 Spellcasting
 - Level 4.8 Hexes
 - Level 3.0 Translocations
 + Level 4.7 Poison Magic
 - Level 6.2 Invocations


You had 14 spell levels left.
You knew the following spells:

 Your Spells              Type           Power      Damage    Failure   Level
a - Mephitic Cloud        Conj/Pois/Air  8%         N/A       24%         3
b - Blink                 Tloc           24%        N/A       7%          2
t - Confusing Touch       Hex            17%        N/A       6%          3
v - Poisonous Vapours     Pois/Air       20%        N/A       9%          2

Your spell library contained the following spells:

 Spells                   Type           Power      Damage    Failure   Level
 Slow                     Hex            68%        N/A       2%          1
 Apportation              Tloc           24%        N/A       4%          1
 Lesser Beckoning         Tloc           24%        N/A       7%          2
 Cigotuvi's Dreadful Rot  Necr/Pois/Air  16%        N/A       12%         2
 Momentum Strike          Conj/Tloc      16%        3d8       13%         2
 Freeze                   Ice            16%        1d4       16%         1
 Magic Dart               Conj           16%        1d3       16%         1
 Necrotise                Necr           16%        1d4       16%         1
 Inner Flame              Hex/Fire       10%        N/A       17%         3
 Frozen Ramparts          Ice            8%         1d2       43%         3
 Hailstorm                Conj/Ice       4%         3d4       43%         3
 Vampiric Draining        Necr           4%         2d6       43%         3
 Flame Wave               Conj/Fire      4%         2d5       83%         4
 Sticky Flame             Conj/Fire      4%         2d3       83%         4
 Summon Small Mammal      Summ           Unusable   N/A       N/A         1
 Call Imp                 Summ           Unusable   N/A       N/A         2

Dungeon Overview and Level Annotations

Branches:
Dungeon (11/15) Zot: 24540  Temple (1/1) D:5 Zot: 5899    Lair (1/5) D:11 Zot: 5714
    Orc (0/2) D:9         Gauntlet (1/1) Zot: 5102

Altars:
Ashenzari
Cheibriados
Dithmenos
Elyvilon
Fedhas
Gozag
Hepliaklqana
Kikubaaqudgha
Makhleb
Nemelex Xobeh
Okawaru
Qazlal
Ru
Sif Muna
Trog
Uskayaw
Vehumet
Wu Jian
Xom
Yredelemnul
Zin
The Shining One

Shops:
D:1 [   D:3 ?   D:10 :

Annotations:
D:3 Natasha
D:4 exclusion: 4 lemures, Pikel
D:9 1 runed translucent door, 2 transporters, Harold; THTSBRD's ghost, novice FoHu
D:10 exclusion: statue
Lair:1 3 runed translucent doors, 5 exclusions, Airmonger's ghost, journeyman DsGl; Nabski's ghost, journeyman TeFE Gauntlet 10 transporters


Innate Abilities, Weirdness & Mutations

You are very small and have problems with some larger weapons.
You are too small for most types of armour.
You have supernaturally acute eyesight. (SInv)
You cover ground extremely quickly. (Speed+++)


Message History

Unknown command.
Casting: Confusing Touch (dangerous; 6% risk of failure)
Confirm with . or Enter, or press ? or * to list all spells.
Aiming: Mephitic Cloud (dangerous; 24% risk of failure)
Press: ? - help, Shift-Dir - straight line, f - minotaur
Aim: a minotaur, wearing a +0 chain mail and quivering javelins (chance to confuse on hit: 2%, chance to affect: 34%)
Okay, then.
Unknown command.
You're wearing all the rings you can.
Remove which one? (? for menu, Esc to cancel) < or
n - a ring of fire; > or
z - a ring of magical power You remove your ring of fire.
v - a ring of poison resistance (left hand)
The minotaur hits you.
* * * LOW HITPOINT WARNING * * *
The minotaur misses you.
Casting: Mephitic Cloud (dangerous; 24% risk of failure)
Confirm with . or Enter, or press ? or * to list all spells.
Okay, then.
Unknown command.
Casting: Mephitic Cloud (dangerous; 24% risk of failure)
Confirm with . or Enter, or press ? or * to list all spells.
Okay, then.
Unknown command.
Casting: Mephitic Cloud (dangerous; 24% risk of failure)
Confirm with . or Enter, or press ? or * to list all spells.
Aiming: Mephitic Cloud (dangerous; 24% risk of failure)
Press: ? - help, Shift-Dir - straight line, f - minotaur
Aim: a minotaur, wearing a +0 chain mail and quivering javelins (chance to confuse on hit: 2%, chance to affect: 34%)
The ball explodes into a vile cloud!
The stinking cloud engulfs the minotaur but does no damage.
The stinking cloud engulfs you but does no damage.
The minotaur is engulfed in noxious fumes.
The minotaur appears confused.
The minotaur barely misses you. x2
The minotaur is engulfed in noxious fumes.
Your hands stop glowing.
The minotaur is engulfed in noxious fumes.
The minotaur seems less confused.
The minotaur throws a javelin.
The javelin pierces through you!!
You die...

#≈.....#### #8#......#©..
###..######## #..#..#.##.
#..#.#..#.# #####..##.##.##
#≈8≈#..##..Y#..
##########...#..##.###©.
####......@.#.8.####....##.
#.°H.######.#.....©##.####.
#..###....#.#.8.####Y.##.#=
#.#....# #.#...#..#Y.Y!©.#
#.#.##H# #.#.8.#..########
###.# .8# #.#...#≈.........
#.#.# ∩.# #...8.#∩.........
#.### .8# #.#...#§.........
#.# ### #.#.8.#..########


You could see a minotaur.

Vanquished Creatures
  Snorg (D:11)
  Erica (D:8)
  A boulder beetle (D:11)
  Lodul (D:11)
  An elephant (D:11)
  Joseph (D:8)
  A moth of wrath (Gauntlet)
  Maurice (D:8)
  A smoke demon (Gauntlet)
  Maggie (D:7)
  A cane toad (D:11)
  A kobold demonologist (D:10)
  6 trolls
  A red devil (Gauntlet)
  2 shadows (D:11)
  2 flying skulls (Gauntlet)
  2 wraiths
  3 wyverns
  12 yaks
  4 basilisks
  Eustachio (D:6)
  4 wargs
  A steam dragon (D:8)
  A water moccasin (D:8)
  2 ice beasts
  3 orc warriors
  2 black bears
  9 ogres
  5 wolves (Gauntlet)
  4 centaurs
  A phantom (D:6)
  2 bullfrogs
  2 kobold brigands
  2 necrophages (D:6)
  A scorpion (D:4)
  3 gnoll sergeants
  3 wights
  11 killer bees (D:8)
  6 howler monkeys
  4 crimson imps (Gauntlet)
  4 hounds
  2 orc priests
  A jelly (D:4)
  5 iguanas
  10 orc wizards
  A mummy (D:8)
  9 gnolls
  10 adders
  2 white imps (D:7)
  An ufetubus (D:5)
  2 worms
  5 dart slugs
  27 orcs
  7 endoplasms
  3 giant cockroaches
  7 goblins
  5 hobgoblins
  2 jackals (D:5)
  2 quokkas (D:4)
  5 bats
  3 frilled lizards
  2 hobgoblin zombies (D:8)
  9 kobolds
  2 kobold zombies (D:8)
  4 rats
  A spectral kobold (D:1)
242 creatures vanquished.

Vanquished Creatures (others)
  An orc (D:8)
  4 fungi
  7 plants
12 creatures vanquished.

Grand Total: 254 creatures vanquished

Notes
Turn   | Place    | Note
-------+----------+-------------------------------------------
     0 | D:5      | Twinkles the Spriggan Delver began the quest for the Orb.
     0 | D:5      | Reached XP level 1. HP: 11/11 MP: 2/2
    38 | D:4      | Noticed a jelly
    41 | D:4      | Killed a jelly
    42 | D:4      | Reached XP level 2. HP: 16/16 MP: 3/3
    71 | D:3      | Reached XP level 3. HP: 19/19 MP: 4/4
    96 | D:2      | Upgraded the game from 0.30-a0-802-gb92711bcdf to
                  | 0.30-a0-808-g6e0788376e
   224 | D:1      | Found a faded altar of an unknown god.
   376 | D:1      | Found Viosagg's Armour Shop.
   580 | D:1      | Reached XP level 4. HP: 23/23 MP: 5/5
  1473 | D:3      | Learned a level 3 spell: Confusing Touch
  1521 | D:3      | Reached skill level 1 in Hexes
  1618 | D:3      | Found Myonumiwk's Magic Scroll Shop.
  1626 | D:3      | Bought a scroll of identify for 28 gold pieces
  1674 | D:3      | Reached XP level 5. HP: 24/28 MP: 6/6
  2225 | D:3      | Noticed Natasha
  2593 | D:4      | Noticed Pikel
  2593 | D:4      | Noticed a lemure
  2593 | D:4      | Noticed a lemure
  2593 | D:4      | Noticed a lemure
  2593 | D:4      | Noticed a lemure
  3113 | D:4      | HP: 6/28 [orc wizard/+0 dagger (3)]
  3168 | D:4      | HP: 6/28 [orc/+0 whip (4)]
  3173 | D:4      | HP: 5/28 [orc/+0 whip (2)]
  3483 | D:5      | Reached XP level 6. HP: 32/32 MP: 7/7
  4015 | D:5      | Found a staircase to the Ecumenical Temple.
  4024 | Temple   | Entered the Ecumenical Temple
  4167 | Temple   | Became a worshipper of Warmaster Okawaru
  5022 | D:6      | Noticed an ice beast
  5078 | D:6      | Reached skill level 5 in Dodging
  5132 | D:6      | Reached XP level 7. HP: 19/37 MP: 8/8
  5578 | D:6      | Noticed Eustachio
  6263 | D:6      | HP: 10/37 [ice beast (12)]
  6422 | D:6      | Killed Eustachio
  6422 | D:6      | Reached * piety under Okawaru
  6423 | D:6      | Reached skill level 5 in Short Blades
  6484 | D:6      | Reached skill level 10 in Stealth
  6484 | D:6      | Reached XP level 8. HP: 42/42 MP: 9/9
  6925 | D:7      | Noticed Maggie
  6949 | D:7      | Killed Maggie
  6949 | D:7      | Reached ** piety under Okawaru
  6950 | D:7      | Reached skill level 1 in Long Blades
  6950 | D:7      | Reached skill level 1 in Invocations
  7021 | D:7      | Found a stormy altar of Qazlal.
  7090 | D:7      | Found an ancient bone altar of Kikubaaqudgha.
  7997 | D:7      | Reached *** piety under Okawaru
  7998 | D:7      | Reached XP level 9. HP: 35/45 MP: 8/12
  8346 | D:8      | Found a blossoming altar of Fedhas.
  8375 | D:8      | Noticed Joseph
  8410 | D:8      | Killed Joseph
  8732 | D:8      | Noticed Maurice
  8749 | D:8      | Killed Maurice
  9167 | D:8      | Reached skill level 5 in Invocations
  9262 | D:8      | Learned a level 2 spell: Blink
  9376 | D:8      | Noticed Erica
  9469 | D:8      | Reached skill level 1 in Translocations
  9894 | D:8      | Killed Erica
  9894 | D:8      | Reached **** piety under Okawaru
  9895 | D:8      | Reached XP level 10. HP: 30/49 MP: 8/14
 10063 | D:8      | Reached skill level 10 in Dodging
 10501 | D:8      | Reached skill level 1 in Spellcasting
 10885 | D:9      | Found a runed translucent door.
 10886 | D:9      | Noticed THTSBRD's ghost (novice FoHu)
 11143 | D:9      | Noticed Harold
 11527 | D:8      | Reached skill level 5 in Long Blades
 11823 | D:9      | Identified the +3 trident "Hiumow" {freeze, rC+ rCorr
                  | Dex+4}
 12061 | D:8      | HP: 14/51 [warg (13)]
 12069 | D:8      | HP: 9/51 [killer bee (8)]
 12653 | D:9      | Found a transporter.
 12664 | D:9      | Found a transporter.
 12682 | D:9      | Reached ***** piety under Okawaru
 12732 | D:9      | Found a staircase to the Orcish Mines.
 13245 | D:10     | Entered Level 10 of the Dungeon
 13263 | D:10     | Found a radiant altar of Vehumet.
 13392 | D:10     | Found Goroihuz's Book Shoppe.
 13410 | D:10     | Bought a book of Vapours for 220 gold pieces
 13413 | D:10     | Learned a level 2 spell: Poisonous Vapours
 13464 | D:10     | Found a hazy altar of Hepliaklqana.
 13480 | D:10     | Identified the +1 gold dragon scales of Ukiof {+Blink rElec
                  | rPois rF+ rC+ Regen+ Int-5} (Okawaru gifted it to you on
                  | level 10 of the Dungeon)
 13480 | D:10     | Received a gift from Okawaru
 13483 | D:10     | Reached skill level 1 in Poison Magic
 13486 | D:10     | Reached skill level 5 in Fighting
 14028 | D:10     | Found a broken altar of Ashenzari.
 14104 | D:10     | Reached XP level 11. HP: 23/56 MP: 3/18
 14558 | D:11     | Found a burning altar of Makhleb.
 14558 | D:11     | Noticed an Executioner
 14568 | D:11     | Noticed Snorg
 14576 | D:11     | Killed Snorg
 14609 | D:11     | Found a staircase to the Lair.
 14785 | D:11     | Noticed a boulder beetle
 14819 | D:11     | HP: 11/56 [gnoll sergeant/+3 spear of venom (6)]
 14952 | D:10     | Learned a level 3 spell: Mephitic Cloud
 15026 | D:11     | Killed a boulder beetle
 15027 | D:11     | Reached skill level 5 in Spellcasting
 15552 | D:11     | Noticed Lodul
 17101 | D:11     | Killed Lodul
 17202 | Lair:1   | Entered Level 1 of the Lair of Beasts
 17395 | Lair:1   | Found a runed translucent gate.
 17395 | Lair:1   | Found a runed translucent gate.
 17395 | Lair:1   | Found a runed translucent gate.
 17395 | Lair:1   | Noticed Nabski's ghost (journeyman TeFE)
 17396 | Lair:1   | Noticed Airmonger's ghost (journeyman DsGl)
 17642 | Lair:1   | Found a gate leading to a gauntlet.
 17684 | Gauntlet | Entered a Gauntlet
 17684 | Gauntlet | Found a transporter.
 17684 | Gauntlet | Found a transporter.
 17688 | Gauntlet | Found a transporter.
 17688 | Gauntlet | Found a transporter.
 17714 | Gauntlet | Found a transporter.
 17721 | Gauntlet | Found a transporter.
 17722 | Gauntlet | Found the +5 consecrated labrys {holy, Valiant Fragile Fly
                  | SInv}
 17723 | Gauntlet | Found a transporter.
 17723 | Gauntlet | Found a transporter.
 17726 | Gauntlet | Noticed a dire elephant
 17727 | Gauntlet | Found a transporter.
 17761 | Gauntlet | Found a transporter.
 17779 | Gauntlet | Found a transporter.
 17825 | Gauntlet | Found a transporter.
 17835 | Gauntlet | Noticed a tengu warrior
 17841 | Gauntlet | Found a transporter.
 17926 | Gauntlet | Found a transporter.
 17941 | Gauntlet | Found a transporter.
 17957 | Gauntlet | Found a transporter.
 18419 | Gauntlet | HP: 5/56 [smoke demon/divine providence (16)]
 18536 | Gauntlet | Identified the +11 rapier of the Disbelieving Gods {freeze,
                  | Dex+3 SInv}
 18699 | Gauntlet | Identified the +9 dire flail "Meume" {antimagic, rF- Str+4
                  | SInv}
 18710 | Gauntlet | Reached XP level 12. HP: 31/62 MP: 23/23
 18872 | Gauntlet | Noticed a minotaur
 19011 | Gauntlet | HP: 12/62 [minotaur (23)]
 19021 | Gauntlet | Hit by a javelin thrown by a minotaur

Illustrated notes

Levels and vault maps discovered:
D:1:      minmay_arrival_hallway, layout_loops_ring,
          dreamdust_ecumenical_altar_drowned_temple, serial_shops, shop,
          minmay_hexomino_f4
D:2:      layout_loops_ring
D:3:      layout_loops_ring, serial_shops,
          nicolae_shop_temple_entry_statues_fountains, grunt_ministairs_5,
          chequers_avenue, nicolae_kite_square_tiling_tiny, uniq_natasha
D:4:      layout_loops_corners, uniq_pikel
D:5:      layout_loops_corners, temple_green, minmay_misc_feat_hallway,
          minmay_fountain_box
D:6:      layout_basic, palyth_stone_intersect, uniq_eustachio
D:7:      layout_loops_cross, jmf_multi_god_temple, dk_vineyard_2, uniq_maggie
D:8:      layout_gridville, mainiacjoe_overflow_alcove_1,
          chequers_serial_rivers_marsh, minmay_mini_ossuary, uniq_erica,
          uniq_joseph, uniq_maurice
D:9:      gammafunk_the_bubble [the_bubble_gammafunk_crates], layout_cave_pools,
          minmay_orc_entry_guard_dogs, ebering_ghost_funeral_grove, uniq_harold
D:10:     layout_roguey, vehumet_statue, lemuel_coloured_pillars_altar,
          nicolae_hepliaklqana_hazy_memory, serial_shops, nicolae_shop_crystal
D:11:     minmay_distorted_concentric_squares, layout_cave_pools,
          david_lair_generic, serial_column_ruins, column_ruins_hut_ruined,
          column_ruins_grid_2, column_ruins_open_small_water,
          column_ruins_columns_corner, column_ruins_columns_straight,
          makhleb_altar_promises_db, uniq_snorg, uniq_lodul
Temple:   kb_temple_of_zot
Lair:1:   lemuel_slime, layout_chaotic_city, gammafunk_ghost_cemetery,
          gauntlet_entry_generic
Gauntlet: gammafunk_gauntlet_branching [gammafunk_gauntlet_arena_spirals,
          gammafunk_gauntlet_arena_split_diamond, gammafunk_gauntlet_arena_grid,
          gammafunk_gauntlet_arena_crates, nicolae_gauntlet_arena_grate_2,
          gammafunk_gauntlet_arena_corners, nicolae_gauntlet_arena_quarters,
          gammafunk_gauntlet_arena_mazey, dreamdust_gauntlet_exit_labyrinth]

Skill      XL: |  1  2  3  4  5  6  7  8  9 10 11 |
---------------+----------------------------------+-----
Dodging        | 3 4 5 6 8 9 11 12 | 12.4
Short Blades   | 3 4 5 |  5.5
Fighting       | 3 4 5 6 |  6.4
Stealth        | 8 9 10 11 12 | 12.0
Hexes          | 1 2 3 4 |  4.8
Long Blades    | 2 4 6 7 |  7.0
Invocations    | 3 5 6 |  6.2
Translocations | 3 |  3.0
Spellcasting   | 4 6 |  6.7
Poison Magic   | 2 4 |  4.7

Action                     |  1- 3 |  4- 6 |  7- 9 | 10-12 || total
---------------------------+-------+-------+-------+-------++-------
  Melee: Short sword       |    54 |    27 |       |       ||    81
         Rapier            |       |   156 |    99 |    22 ||   277
         Punch             |       |     3 |     8 |    24 ||    35
         Dagger            |       |       |   282 |   566 ||   848
         Scimitar          |       |       |       |   143 ||   143
   Fire: Sling             |       |     1 |    13 |       ||    14
  Throw: Dart              |       |       |       |     6 ||     6
   Cast: Confusing Touch   |       |       |    35 |    88 ||   123
         Blink             |       |       |       |     3 ||     3
         Poisonous Vapours |       |       |       |    64 ||    64
         Mephitic Cloud    |       |       |       |     3 ||     3
 Invoke: Heroism           |       |       |       |     2 ||     2
         Finesse           |       |       |       |     1 ||     1
  Evoke: Wand              |       |       |       |     3 ||     3
    Use: Scroll            |       |     7 |     9 |     5 ||    21
         Potion            |       |       |       |     3 ||     3
   Stab: Sleeping          |    13 |    25 |    14 |    20 ||    72
         Confused          |       |       |    26 |    53 ||    79
         Distracted        |       |       |     2 |     4 ||     6
 Armour: Robe              |     5 |     8 |     3 |       ||    16
         Steam dragon scal |       |       |    27 |    59 ||    86
  Dodge: Dodged            |    23 |   143 |   205 |   660 ||  1031

Table legend: (Time is in decaauts)
 A = Elapsed time spent in this place.
 B = Non-inter-level travel time spent in this place.
 C = Inter-level travel time spent in this place.
 D = Time resting spent in this place.
 E = Time spent auto-exploring this place.
 F = Levels seen in this place.
 G = Mean time per level.
                   A        B        C        D        E       F      G
               +--------+--------+--------+--------+--------+-----+--------+
         Total |  14175 |  13279 |    896 |   3369 |   5845 |  14 | 1012.5 |
       Dungeon |  12892 |  12032 |    860 |   3150 |   5580 |  11 | 1172.0 |
        Temple |    100 |     64 |     36 |      0 |     55 |   1 |  100.0 |
          Lair |    285 |    285 |      0 |     21 |      0 |   1 |  285.0 |
      Gauntlet |    896 |    896 |      0 |    198 |    209 |   1 |  896.0 |
               +--------+--------+--------+--------+--------+-----+--------+

Top non-repeatable levels by time:
     D:8: 3137 daAuts
    D:11: 1636 daAuts
    D:10: 1562 daAuts
     D:5: 1241 daAuts
     D:6: 1110 daAuts
     D:7: 1002 daAuts
Gauntlet: 896 daAuts
     D:9: 875 daAuts
     D:4: 745 daAuts
     D:3: 672 daAuts
     D:2: 457 daAuts
     D:1: 450 daAuts
  Lair:1: 285 daAuts
  Temple: 100 daAuts
